[Event "Team 45 45 League T63"]
[Site "Internet Chess Club"]
[Date "2014.12.14"]
[Round "3"]
[White "guyd52"]
[Black "Jiawen5"]
[Result "1-0"]
[WhiteElo "1333"]
[BlackElo "1224"]
[Opening "Réti opening"]
[ECO "A04"]
[Time "19:30:27"]
[TimeControl "2700+45"]

1. Nf3 Nc6 2. g3 e5 3. d3 Nf6 4. Bg2 Bc5 5. O-O d6 6. c3 Be6 7. Nbd2 Qd7 8. Ng5
Bf5 9. Nge4 Nxe4 10. Nxe4 Bb6 11. e3 O-O 12. d4 exd4 13. cxd4 Bxe4 14. Bxe4 h6
15. Bd2 Rfe8 16. Qf3 Qe7 17. Bd5 Qd7 18. Rac1 Rab8 19. b4 Nd8 20. a3 c6 21. Bc4
d5 22. Bd3 Ne6 23. h4 Qe7 24. Bc3 Rbc8 25. Rfe1 Rc7 26. e4 dxe4 27. Rxe4 Rd8 28.
Re5 Bxd4 29. Qe4 Bxc3 30. Qh7+ Kf8 31. Qh8# {Black checkmated} 1-0

[Event "Team 45 45 League T63"]
[Site "Internet Chess Club"]
[Date "2014.12.14"]
[Round "3"]
[White "chesscharm"]
[Black "Conjurer"]
[Result "0-1"]
[WhiteElo "1187"]
[BlackElo "1291"]
[Opening "Sicilian defense"]
[ECO "B30"]
[Time "14:05:43"]
[TimeControl "2700+45"]

1. e4 c5 2. Nf3 Nc6 3. Nc3 Nf6 4. e5 Ng4 5. d4 cxd4 6. Nxd4 Ngxe5 7. Bf4 d6 8.
Bb5 Bd7 9. O-O a6 10. Be2 Qb6 11. Be3 Qxb2 12. Qd2 Qb6 13. Rab1 Qc7 14. Nf3 e6
15. Bb6 Qc8 16. Rfd1 d5 17. Qf4 Ng6 18. Qe3 Be7 19. Bd3 O-O 20. Nd4 Nb4 21. Be2
e5 22. Nf3 Nxc2 23. Qd2 Bf5 24. Rbc1 Qe6 25. Bc7 Rac8 26. Nxd5 e4 27. Ng5 Bxg5
28. Qxg5 e3 29. Nxe3 Rxc7 30. Rd8 Qe7 31. Qxf5 Qxd8 32. Nxc2 Qd2 33. Bd3 Qxc1+
34. Bf1 Rxc2 35. h3 Nf4 36. Qg4 Ne2+ 37. Kh2 Qxf1 38. Qa4 Rc1 39. Qd1 Qxf2 40.
Qd2 Qf4+ 41. Qxf4 Nxf4 42. Kg3 Ne2+ 43. Kf3 Re8 44. Kf2 Ra1 45. h4 Rxa2 46. Kf3
Nd4+ 47. Kg3 Ra3+ 48. Kh2 Re2 49. Kg1 Raa2 50. Kh2 Rxg2+ 51. Kh3 Rh2+ 52. Kg3
Nf5+ 53. Kg4 g6 54. Kg5 Kg7 55. Kg4 h5+ 56. Kg5 f6+ 57. Kf4 Rxh4+ 58. Kf3 Ra3+
59. Kg2 Rhh3 60. Kg1 Rag3+ 61. Kf2 Rh2+ 62. Kf1 Ne3+ 63. Ke1 Rg1# {White
checkmated} 0-1

[Event "Team 45 45 League T63"]
[Site "Internet Chess Club"]
[Date "2014.12.14"]
[Round "3"]
[White "WzeroMN"]
[Black "Ilamihir"]
[Result "0-1"]
[WhiteElo "1073"]
[BlackElo "1164"]
[Opening "Sicilian: Richter-Rauzer"]
[ECO "B60"]
[Time "19:00:29"]
[TimeControl "2700+45"]

1. e4 c5 2. Nf3 Nc6 3. d4 cxd4 4. Nxd4 d6 5. Nc3 Nf6 6. Bg5 e5 7. Bxf6 Qxf6 8.
Nd5 Qd8 9. Nxc6 bxc6 10. Ne3 Be7 11. Bc4 O-O 12. Qd3 Qa5+ 13. Qc3 Qd8 14. O-O-O
Bb7 15. Qd3 a5 16. a4 Qc8 17. Nf5 Bg5+ 18. Kb1 Ba6 19. Bxa6 Qxa6 20. Qxa6 Rxa6
21. Nxd6 Rb6 22. Nc4 Rb4 23. b3 Be7 24. Nxa5 Rxe4 25. Nxc6 Bg5 26. f3 Rf4 27.
Nxe5 Re8 28. Nd3 Rd4 29. Rhe1 Rxe1 30. Rxe1 h6 31. a5 Rd5 32. a6 Ra5 33. Re8+
Kh7 34. Nb4 Bf6 35. Na2 Rxa6 36. c4 Rd6 37. Re1 Rd2 38. Nb4 Rxg2 39. Nd3 Rxh2
40. Rc1 Rd2 41. c5 Rxd3 42. c6 Rxb3+ 43. Ka2 Rb8 44. c7 Rc8 45. Kb3 Be5 46. Kb4
Rxc7 47. Rxc7 Bxc7 48. Kc4 h5 49. Kd3 h4 50. Ke2 h3 51. Kf1 g5 52. Kf2 Kg6 53.
Kg1 Kf5 54. Kh1 Kf4 55. Kh2 Kxf3+ 56. Kxh3 g4+ 57. Kh4 g3 58. Kg5 g2 59. Kh6
g1=Q 60. Kh7 Be5 61. Kh6 Kf4 62. Kh7 Qg7# {White checkmated} 0-1

[Event "Team 45 45 League T63"]
[Site "Internet Chess Club"]
[Date "2014.12.14"]
[Round "3"]
[White "RockingCHESS"]
[Black "WilmaP"]
[Result "0-1"]
[WhiteElo "1135"]
[BlackElo "1200"]
[Opening "QGD semi-Slav: Bogolyubov variation"]
[ECO "D46"]
[Time "14:00:28"]
[TimeControl "2700+45"]

1. d4 d5 2. Nf3 e6 3. e3 c6 4. c4 Nd7 5. Nc3 Ngf6 6. Bd3 Be7 7. O-O O-O 8. Re1
Qc7 9. Qc2 c5 10. Ng5 g6 11. Nf3 Kg7 12. e4 dxe4 13. Nxe4 cxd4 14. Nxd4 Nxe4 15.
Bxe4 Qe5 16. Nf3 Qh5 17. Bf4 f5 18. Qc3+ Bf6 19. Ne5 fxe4 20. Rxe4 b6 21. Re3
Nc5 22. Rae1 Bb7 23. Rh3 Qf5 24. Qe3 g5 25. Rg3 Ne4 26. Rg4 h6 27. Nd7 Qxg4 28.
Nxf8 gxf4 29. f3 Qg5 30. Nxe6+ Kg6 31. Nxg5 fxe3 32. Nh3 Nd2 33. Rxe3 Nxc4 34.
Re6 Nxb2 35. Nf4+ Kf5 36. g3 Bxf3 37. Kf2 Bd5 38. Rd6 Bxa2 39. Ke3 Nc4+ 40. Kf3
Nxd6 41. g4+ Ke5 42. Ng6+ Kd5 43. Kf4 Bg5+ 44. Kg3 Re8 45. h4 Re3+ 46. Kh2 Bd8
47. Nf4+ Ke4 48. Ng2 Re2 49. Kg3 Bf6 50. h5 Be5+ 51. Kh3 Be6 52. Nh4 Re3+ 53.
Kg2 Bxg4 54. Ng6 Rg3+ 55. Kf2 Rf3+ 56. Kg2 Bxh5 57. Nh4 Rg3+ 58. Kh2 a5 59. Ng2
a4 60. Ne1 Re3+ 61. Kg2 Rxe1 62. Kf2 Re2+ 63. Kf1 a3 64. Kg1 a2 65. Kf1 a1=Q#
{White checkmated} 0-1

[Event "Team 45 45 League T63"]
[Site "Internet Chess Club"]
[Date "2014.12.13"]
[Round "3"]
[White "dabodhi"]
[Black "tamky70"]
[Result "1/2-1/2"]
[WhiteElo "1356"]
[BlackElo "1402"]
[Opening "Caro-Kann: two knights, 3...Bg4"]
[ECO "B11"]
[Time "15:00:35"]
[TimeControl "2700+45"]

1. e4 c6 2. Nc3 d5 3. Nf3 Bg4 4. h3 Bxf3 5. Qxf3 Nf6 6. d4 e6 7. e5 Nfd7 8. Bf4
Be7 9. Qg3 g6 10. Bd3 Qb6 11. O-O Qxd4 12. Rfe1 Qb4 13. Rab1 Qa5 14. a3 Qd8 15.
b4 O-O 16. Ne2 f6 17. Nd4 fxe5 18. Bxe5 Nxe5 19. Rxe5 Bf6 20. Nxe6 Qd6 21. Rbe1
Nd7 22. Nxf8 Bxe5 23. Rxe5 Qxe5 24. Nxd7 Qxg3 25. fxg3 Kg7 26. Nc5 b6 27. Ne6+
Kf6 28. Nf4 b5 29. Kf2 a5 30. c3 axb4 31. axb4 Ra3 32. Ne2 Ke5 33. Ke3 Ra2 34.
Kf3 Ra7 35. Nd4 Rc7 36. Ke3 Kd6 37. Ne2 c5 38. Bxb5 cxb4 39. cxb4 Ke5 40. Kd3
Ra7 41. g4 Ra3+ 42. Kd2 d4 43. Bd3 Ra2+ 44. Kd1 Ra3 45. Kd2 Ra2+ 46. Kd1 Rb2 47.
b5 Kd5 48. Kc1 Rb3 49. Kc2 Rb4 50. Nf4+ Ke5 51. Ne2 Kd5 52. Nf4+ Ke5 53. Ne2 Kd5
54. Nf4+ Ke5 55. Ne2 Kd5 56. Nf4+ Ke5 57. Ne2 {Game drawn by repetition} 1/2-1/2

[Event "Team 45 45 League T63"]
[Site "Internet Chess Club"]
[Date "2014.12.15"]
[Round "3"]
[White "Kandor"]
[Black "seattleblues"]
[Result "0-1"]
[WhiteElo "1285"]
[BlackElo "1392"]
[Opening "Caro-Kann defense"]
[ECO "B10"]
[Time "20:04:01"]
[TimeControl "2700+45"]

1. e4 c6 2. g3 d5 3. d3 dxe4 4. dxe4 Qxd1+ 5. Kxd1 Bg4+ 6. Be2 Nf6 7. Nc3 e6 8.
h3 Bh5 9. Bxh5 Nxh5 10. g4 Nf6 11. e5 Nd5 12. Bd2 Bc5 13. Nxd5 cxd5 14. f4 Nc6
15. a3 Rc8 16. b4 Be7 17. Nf3 b5 18. Ke2 Kd7 19. Rhd1 Rhd8 20. Be3 Ke8 21. Kf1
Rd7 22. Rd2 Nb8 23. Bd4 Rc4 24. Rc1 Rb7 25. c3 Nd7 26. Rdc2 Nf8 27. Nd2 Rc6 28.
Kg2 Ng6 29. Kf3 Nh4+ 30. Kg3 Ng6 31. g5 Bf8 32. Kf3 Nh4+ 33. Kg4 Nf5 34. Kf3
Rbc7 35. Nb3 g6 36. Ke2 Ng3+ 37. Kf2 Ne4+ 38. Ke3 h6 39. h4 Ng3 40. Kf2 Nf5 41.
Kg2 Nxh4+ 42. Kg3 Nf5+ 43. Kg4 h5+ 44. Kh3 Ra6 45. Na5 Be7 46. Kg2 Bd8 47. Bc5
Rxc5 48. bxc5 Ne3+ {White resigns} 0-1

[Event "Team 45 45 League T63"]
[Site "Internet Chess Club"]
[Date "2014.12.15"]
[Round "3"]
[White "Just-Jim"]
[Black "jaybird44"]
[Result "1-0"]
[WhiteElo "1309"]
[BlackElo "1226"]
[Opening "Sicilian defense"]
[ECO "B20"]
[Time "11:00:13"]
[TimeControl "2700+45"]

1. e4 c5 2. Bc4 Nc6 3. Nf3 e6 4. d4 cxd4 5. Nxd4 Nf6 6. Nxc6 bxc6 7. f3 d5 8.
exd5 cxd5 9. Bb3 Bc5 10. Qe2 O-O 11. Nc3 Re8 12. Na4 Bb4+ 13. Bd2 Rb8 14. Bxb4
Rxb4 15. O-O-O Qa5 16. a3 Rxa4 17. Bxa4 Qxa4 18. Qe3 Bd7 19. Rd4 Qa6 20. g4 Rc8
21. Rb4 Qd6 22. g5 Nh5 23. Qxa7 g6 24. Rb6 Qf4+ 25. Kb1 Qxf3 26. Rc1 Qf2 27.
Qxd7 Qxb6 28. Qxc8+ Kg7 29. Qc3+ d4 30. Qf3 e5 31. Rf1 Nf4 32. Qe4 f5 33. Qxe5+
Kf7 34. Rxf4 d3 35. Qd5+ Qe6 36. Qxe6+ Kxe6 37. Rd4 dxc2+ 38. Kxc2 Ke5 39. Rd2
f4 40. a4 f3 41. a5 Kf4 42. a6 Ke3 43. a7 f2 44. Rxf2 Kxf2 45. a8=Q Kg1 46. Qa7+
Kxh2 47. Qxh7+ Kg3 48. Kd3 Kf4 49. Qe7 Kf5 50. Ke3 Kg4 51. Qe4+ Kh5 52. Kf4 Kh4
53. Qh1# {Black checkmated} 1-0

[Event "Team 45 45 League T63"]
[Site "Internet Chess Club"]
[Date "2014.12.12"]
[Round "3"]
[White "wildangels"]
[Black "jjaco"]
[Result "1-0"]
[WhiteElo "1000"]
[BlackElo "1004"]
[Opening "Réti opening"]
[ECO "A05"]
[Time "13:00:56"]
[TimeControl "2700+45"]

1. Nf3 Nf6 2. d3 e6 3. g3 Bc5 4. Bg2 O-O 5. Nbd2 d6 6. O-O Re8 7. c3 e5 8. e4
Bg4 9. Qb3 Bb6 10. Ng5 Bh5 11. h3 h6 12. Ngf3 Nbd7 13. d4 c5 14. Nh4 Kh8 15. Nf5
Bc7 16. d5 b6 17. c4 Bg6 18. Nh4 Bh7 19. Ndf3 Nxe4 20. Re1 Ndf6 21. Bxh6 gxh6
22. Qe3 Ng5 23. Nxg5 Rf8 24. Nxh7 Nxh7 25. Qxh6 Qd7 26. Be4 f5 27. Ng6+ Kg8
{Black resigns} 1-0

[Event "Team 45 45 League T63"]
[Site "Internet Chess Club"]
[Date "2014.12.13"]
[Round "3"]
[White "zap2"]
[Black "Schachteufel"]
[Result "0-1"]
[WhiteElo "1745"]
[BlackElo "1714"]
[Opening "Réti: King's Indian attack"]
[ECO "A05"]
[Time "09:12:55"]
[TimeControl "2700+45"]

1. Nf3 Nf6 2. g3 g6 3. Bg2 Bg7 4. d3 O-O 5. O-O d6 6. Nbd2 e5 7. e4 Nc6 8. c3 a5
9. a4 Nh5 10. Ne1 Qe8 11. Nc4 f5 12. f4 fxe4 13. dxe4 exf4 14. gxf4 Be6 15. Qe2
Qf7 16. Na3 Rae8 17. Qb5 Qe7 18. Qxb7 Nd4 19. cxd4 Bxd4+ 20. Kh1 Qh4 21. Rf3
Qxe1+ 22. Bf1 Bg4 23. Qd5+ Rf7 24. Qxd4 Bxf3+ 25. Kg1 Be2 26. Qf2 Qxf1+ 27. Qxf1
Bxf1 28. Kxf1 Nxf4 29. Nb5 Nd3+ 30. Ke2 Nxc1+ 31. Rxc1 Rxe4+ 32. Kd3 d5 33. Rxc7
Rf3+ 34. Kd2 Rf2+ 35. Kd3 Rxb2 36. Nd4 Rxh2 37. Nc6 Rh3+ 38. Kd2 Ra3 39. Nxa5
Raxa4 40. Nc6 Ra3 41. Rd7 Re6 42. Nd4 Re5 43. Nc6 Rg5 44. Ke2 Rg2+ 45. Kf1 Rc2
46. Ne7+ Kf8 {White resigns} 0-1

[Event "Team 45 45 League T63"]
[Site "Internet Chess Club"]
[Date "2014.12.14"]
[Round "3"]
[White "GregoryViking"]
[Black "Salvatore"]
[Result "0-1"]
[WhiteElo "1576"]
[BlackElo "1623"]
[Opening "Sicilian: Pelikan (Lasker/Sveshnikov) variation"]
[ECO "B33"]
[Time "17:13:05"]
[TimeControl "2700+45"]

1. e4 c5 2. Nf3 Nc6 3. d4 cxd4 4. Nxd4 Nf6 5. Nc3 e5 6. Ndb5 d6 7. Bg5 a6 8. Na3
Be7 9. Bxf6 Bxf6 10. Nd5 O-O 11. Qf3 Bg5 12. c3 f5 13. Bd3 f4 14. h4 Bh6 15.
O-O-O b5 16. Kb1 Be6 17. Bc2 Rb8 18. Qd3 a5 19. Nxb5 a4 20. Bxa4 Qa5 21. b3 Kh8
22. f3 Rfd8 23. Kc1 Bxd5 24. Qxd5 Ne7 25. Qd3 d5 26. Qe2 d4 27. cxd4 Rbc8+ 28.
Kb2 exd4 29. Qd2 Qb6 30. Rc1 g6 31. Rxc8 Rxc8 32. Rc1 Rxc1 33. Qxc1 d3 34. Kb1
Bg7 35. Qe1 Qe3 36. Qc1 d2 {White resigns} 0-1

[Event "Team 45 45 League T63"]
[Site "Internet Chess Club"]
[Date "2014.12.11"]
[Round "3"]
[White "hondocando"]
[Black "krysto"]
[Result "1/2-1/2"]
[WhiteElo "1568"]
[BlackElo "1553"]
[Opening "French: Steinitz, Boleslavsky variation"]
[ECO "C11"]
[Time "18:03:53"]
[TimeControl "2700+45"]

1. e4 e6 2. Nc3 d5 3. d4 Nf6 4. e5 Nfd7 5. f4 c5 6. Nf3 Nc6 7. Be3 cxd4 8. Nxd4
Bc5 9. Nxc6 bxc6 10. Bxc5 Nxc5 11. Be2 Qb6 12. Rb1 a5 13. a3 Ba6 14. Bxa6 Rxa6
15. Qd4 O-O 16. b4 Rb8 17. bxc5 Qxb1+ 18. Nxb1 Rxb1+ 19. Kf2 Rxh1 20. Qb2 Ra8
21. Qb7 Rf8 22. Qxc6 Rc1 23. Qa4 Rc8 24. c6 g6 25. h4 h5 26. g3 Kf8 27. Ke3 Rg1
28. Kf3 Rf1+ 29. Ke2 Rg1 30. Kf2 Rc1 31. Ke2 Rg1 32. Qxa5 Rg2+ 33. Kd1 Rg1+ 34.
Kd2 Rg2+ 35. Kc1 Rxg3 36. Qc5+ Kg7 37. c7 Rf3 38. Qe7 Rc3 39. Qf6+ Kh6 40. Qxf7
R3xc7 41. Qxe6 Rxc2+ 42. Kb1 Rc1+ 43. Kb2 R8c2+ 44. Kb3 Rc3+ 45. Kb2 R3c2+ 46.
Kb3 Rc3+ 47. Kb2 R3c2+ {Game drawn by repetition} 1/2-1/2

[Event "Team 45 45 League T63"]
[Site "Internet Chess Club"]
[Date "2014.12.13"]
[Round "3"]
[White "Berke"]
[Black "Chesslov"]
[Result "1/2-1/2"]
[WhiteElo "1531"]
[BlackElo "1519"]
[Opening "Sicilian defense"]
[ECO "B41"]
[Time "05:00:25"]
[TimeControl "2700+45"]

1. e4 c5 2. d4 e6 3. Nf3 cxd4 4. Nxd4 Bc5 5. c3 Nc6 6. Nb5 d5 7. exd5 Qf6 8. Qf3
Qe5+ 9. Be2 a6 10. Bf4 Qf5 11. Nc7+ Kd7 12. dxe6+ fxe6 13. Nxa8 Nf6 14. Qd3+
Qxd3 15. Bxd3 e5 16. Bg5 Ng4 17. O-O b5 18. Nd2 Bb7 19. Ne4 Ba7 20. Rad1 Kc8 21.
Nd6+ Kb8 22. Nxb7 Kxb7 23. Bf5 Nf6 24. Bxf6 gxf6 25. Rd7+ Kxa8 26. Be4 Rc8 27.
Bxc6+ Rxc6 28. Rxh7 Rd6 29. g3 Rd2 30. b3 Rxa2 31. Rd7 Rc2 32. Rc7 Rb2 33. b4
Rc2 34. Rc6 Kb7 35. Rxf6 Rxc3 36. Rd1 Kc7 37. Rxa6 Bd4 38. Rd2 Rc4 39. h4 Rxb4
40. h5 e4 41. h6 e3 42. Rxd4 exf2+ 43. Kxf2 Rxd4 44. Ra7+ Kb6 45. h7 Rd8 46. Rg7
Rh8 47. g4 Kc5 48. g5 b4 49. g6 b3 50. Rb7 Kc4 51. g7 Rxh7 52. Rxb3 Rxg7 53. Rg3
{Game drawn by mutual agreement} 1/2-1/2

[Event "Team 45 45 League T63"]
[Site "Internet Chess Club"]
[Date "2014.12.12"]
[Round "3"]
[White "Packerfan"]
[Black "room-matt"]
[Result "1-0"]
[WhiteElo "1741"]
[BlackElo "1894"]
[Opening "Evans gambit: Cordel variation"]
[ECO "C51"]
[Time "15:07:07"]
[TimeControl "2700+45"]

1. e4 e5 2. Nf3 Nc6 3. Bc4 Bc5 4. b4 Bxb4 5. c3 Be7 6. d4 Na5 7. Be2 exd4 8.
Qxd4 d6 9. Qxg7 Bf6 10. Qg3 Qe7 11. O-O Bd7 12. Re1 O-O-O 13. Be3 Nc6 14. Nd4
Qxe4 15. Bf3 Qe7 16. Nxc6 Bxc6 17. Bxc6 bxc6 18. Nd2 Re8 19. Rab1 Bxc3 20. Qg4+
Qe6 21. Qa4 Qd5 22. Qxa7 Nf6 23. Rb7 Qa5 24. Reb1 Qxa7 25. Rxa7 Rhg8 26. g3 Rxe3
27. fxe3 Bxd2 28. Ra8+ Kd7 29. Rxg8 Nxg8 30. a4 Bxe3+ 31. Kf1 Nf6 32. Rb3 Nd5
33. Ke2 Bb6 34. h4 Ba5 35. Kf3 Ke6 36. g4 f5 37. g5 Nc3 38. Rb8 Kf7 39. Ra8 Bb6
40. a5 Bc5 41. Rc8 Nb5 42. h5 d5 43. Rh8 Kg7 44. Re8 Bb4 45. a6 Kf7 46. Rb8 Bd2
47. Rxb5 {Black resigns} 1-0

[Event "Team 45 45 League T63"]
[Site "Internet Chess Club"]
[Date "2014.12.14"]
[Round "3"]
[White "rayngrant"]
[Black "RD1974"]
[Result "1-0"]
[WhiteElo "1592"]
[BlackElo "1631"]
[Opening "French: Winawer, advance variation"]
[ECO "C16"]
[Time "17:00:56"]
[TimeControl "2700+45"]

1. e4 e6 2. d4 d5 3. Nc3 Bb4 4. e5 b6 5. a3 Bf8 6. Bd3 Ba6 7. Nf3 f5 8. exf6
Nxf6 9. Bg5 Be7 10. O-O O-O 11. Ne5 Bxd3 12. Qxd3 c5 13. Nb5 c4 14. Qh3 Qc8 15.
Nc3 a6 16. f4 Nc6 17. Rad1 Ra7 18. Nxc6 Qxc6 19. Rfe1 Ne4 20. Nxe4 dxe4 21. c3
Bxg5 22. fxg5 Raf7 23. Rf1 Rf5 24. Qe3 g6 25. Rde1 b5 26. g4 Rf3 27. Rxf3 Rxf3
28. Qxe4 Qxe4 29. Rxe4 Kf7 30. Re2 Ke7 31. d5 a5 32. dxe6 b4 33. axb4 axb4 34.
cxb4 Rb3 35. Kg2 Rxb4 36. h3 Rb3 37. Kh2 Rf3 38. Kg2 Rd3 39. h4 Rb3 40. h5 Rb5
41. hxg6 hxg6 42. Kg3 Rxg5 43. Kf4 Rb5 44. Rc2 g5+ 45. Kg3 Kxe6 46. Rxc4 Rxb2
47. Rc6+ Kd5 48. Rg6 Rb3+ 49. Kf2 Ke4 50. Rxg5 Kf4 51. Rg8 Rb2+ 52. Ke1 Ke3 53.
Kd1 Kd3 54. Kc1 Rg2 55. g5 Kc3 56. Kd1 Kd3 57. Ke1 Ke3 58. Kf1 Rg4 59. g6 Rf4+
60. Kg2 Rg4+ 61. Kh3 Rg1 62. g7 Kf4 63. Rf8+ Ke5 64. g8=Q Rh1+ 65. Kg2 {Black
resigns} 1-0

[Event "Team 45 45 League T63"]
[Site "Internet Chess Club"]
[Date "2014.12.13"]
[Round "3"]
[White "tryanything"]
[Black "Herbie1"]
[Result "1/2-1/2"]
[WhiteElo "1547"]
[BlackElo "1686"]
[Opening "Caro-Kann: exchange variation"]
[ECO "B13"]
[Time "04:00:36"]
[TimeControl "2700+45"]

1. d4 c6 2. e4 d5 3. exd5 cxd5 4. c3 Nc6 5. Bf4 a6 6. Nf3 Bg4 7. Nbd2 e6 8. Bd3
Bd6 9. Bxd6 Qxd6 10. O-O Nge7 11. Re1 h5 12. h3 g5 13. Qc2 Bxf3 14. Nxf3 g4 15.
Ng5 Qf4 16. Qc1 Qf6 17. h4 Rc8 18. Qe3 Qh6 19. Qf4 Qg7 20. Re2 Rh6 21. g3 Rf6
22. Qd2 Kd7 23. Rae1 Re8 24. Nh7 Rh6 25. Ng5 Rf6 26. Nh7 Rh6 {Game drawn by
mutual agreement} 1/2-1/2

[Event "Team 45 45 League T63"]
[Site "Internet Chess Club"]
[Date "2014.12.13"]
[Round "3"]
[White "julesraider"]
[Black "PostMike"]
[Result "1-0"]
[WhiteElo "1556"]
[BlackElo "1427"]
[Opening "King's Indian: 3.g3"]
[ECO "E60"]
[Time "11:00:09"]
[TimeControl "2700+45"]

1. d4 Nf6 2. c4 g6 3. g3 Bg7 4. Bg2 O-O 5. Nc3 d6 6. e3 c5 7. Nge2 Nfd7 8. O-O
Nb6 9. b3 a6 10. Bb2 Qc7 11. Qd2 Bg4 12. f3 Bd7 13. Rad1 Nc6 14. dxc5 dxc5 15.
Nd5 Nxd5 16. Bxg7 Kxg7 17. Qxd5 Nb8 18. Nf4 Qc6 19. Qe5+ Qf6 20. Qxc5 Bc6 21.
Nd5 Bxd5 22. Rxd5 b6 23. Qd4 Nc6 24. Qxf6+ Kxf6 25. Rfd1 Nb4 26. R5d2 Rac8 27.
a3 Nc6 28. f4 Na5 29. Rd3 b5 30. cxb5 axb5 31. e4 Rc2 32. e5+ Kg7 33. a4 bxa4
34. bxa4 Nc4 35. Ra1 Na5 36. Rd7 e6 37. Ra7 Nb3 38. Rb1 Nd4 39. a5 Rfc8 40. a6
Ra2 41. Kf1 Rcc2 42. Be4 Re2 43. Re1 Rf2+ 44. Kg1 Rxh2 45. Rd7 Nb5 46. Bb7 Rhd2
47. Rxd2 Rxd2 48. Rb1 Na7 49. Rb6 Rd7 50. Bf3 Kf8 51. Rb7 Ke7 52. Kf1 Kd8 53.
Rb8+ Ke7 54. Ke2 Rc7 55. Rb7 Kd7 56. Kd3 Kc8 57. Rb6 Kd7 58. Rd6+ Kc8 59. Bb7+
Kb8 60. Rd8+ Rc8 61. Bxc8 Nxc8 {Black resigns} 1-0

[Event "Team 45 45 League T63"]
[Site "Internet Chess Club"]
[Date "2014.12.14"]
[Round "3"]
[White "backrankbrawler"]
[Black "frank001"]
[Result "0-1"]
[WhiteElo "1767"]
[BlackElo "1858"]
[Opening "Dutch with c4 & Nc3"]
[ECO "A87"]
[Time "23:01:32"]
[TimeControl "2700+45"]

1. d4 f5 2. c4 Nf6 3. Nc3 g6 4. Nf3 Bg7 5. g3 O-O 6. Bg2 d6 7. O-O Qe8 8. Re1
Qf7 9. b3 Ne4 10. Bb2 Nc6 11. Qc2 Nxd4 12. Nxd4 Bxd4 13. Bxe4 fxe4 14. Nxe4
Bxf2+ 15. Nxf2 Qxf2+ 16. Kh1 Bf5 17. Qc3 Be4+ {White resigns} 0-1

[Event "Team 45 45 League T63"]
[Site "Internet Chess Club"]
[Date "2014.12.14"]
[Round "3"]
[White "QuieroAprender"]
[Black "amicusUK"]
[Result "1-0"]
[WhiteElo "1682"]
[BlackElo "1640"]
[Opening "QGD: exchange, positional line"]
[ECO "D35"]
[Time "15:01:13"]
[TimeControl "2700+45"]

1. d4 e6 2. c4 Nf6 3. Nc3 d5 4. cxd5 exd5 5. Bg5 Be7 6. Bxf6 Bxf6 7. e3 c6 8.
Nf3 Bg4 9. h3 Bh5 10. Bd3 Nd7 11. g4 Bg6 12. e4 dxe4 13. Nxe4 Qa5+ 14. Qd2 Qxd2+
15. Kxd2 Be7 16. Rhe1 O-O 17. a3 Rfe8 18. Ne5 Nxe5 19. dxe5 Bxe4 20. Rxe4 Rad8
21. Kc2 Rd5 22. Bc4 Rdd8 23. f4 Bc5 24. b4 Bb6 25. f5 Rd4 26. Rae1 Rxe4 27. Rxe4
Kf8 28. e6 fxe6 29. fxe6 Bd8 30. Rf4+ Ke7 31. Rf7+ Kd6 32. Rxb7 Re7 33. Rb8 Kc7
34. Ra8 a5 35. Rxa5 Kd6 36. Rf5 Bb6 37. Rf7 Bd4 38. Kd3 Bf6 39. a4 Kc7 40. a5
Kb7 41. Ke4 Rxf7 42. exf7 Be7 43. b5 cxb5 44. Bxb5 Kc7 45. Kd5 Bf8 46. g5 Be7
47. Ke6 Bf8 48. Bd3 Bb4 49. Bxh7 Bf8 50. Be4 Bb4 51. h4 Bc5 52. h5 Bf8 53. Kf5
Kb8 54. Kg6 Kc7 55. h6 gxh6 56. gxh6 {Black resigns} 1-0

[Event "Team 45 45 League T63"]
[Site "Internet Chess Club"]
[Date "2014.12.14"]
[Round "3"]
[White "unclevinny"]
[Black "SALJOMA"]
[Result "1-0"]
[WhiteElo "1631"]
[BlackElo "1429"]
[Opening "Sicilian: Canal-Sokolsky attack, 3...Bd7"]
[ECO "B52"]
[Time "12:00:19"]
[TimeControl "2700+45"]

1. e4 c5 2. Nf3 d6 3. Bb5+ Bd7 4. Bxd7+ Qxd7 5. c3 Qg4 6. Qa4+ Nc6 7. O-O Nf6 8.
d3 e6 9. Na3 a6 10. Qb3 Rb8 11. h3 Qg6 12. Re1 Be7 13. Qc2 O-O 14. Nc4 b5 15.
Ne3 Nh5 16. Nf1 f5 17. d4 c4 18. d5 Ne5 19. Nxe5 dxe5 20. dxe6 Qxe6 21. exf5 Qd6
22. g4 Nf6 23. Bg5 h6 24. Rad1 Qc7 25. Bxf6 Bxf6 26. Qe4 Qb6 27. Nh2 Rbd8 28.
Nf3 Rxd1 29. Rxd1 Re8 30. Nd4 b4 31. Ne6 bxc3 32. bxc3 Rc8 33. Rb1 Qa5 34. Qc2
e4 35. Rb4 Qd5 36. Qb2 Qd1+ 37. Kg2 Qf3+ 38. Kg1 Bxc3 39. Qb1 Bxb4 40. Qxb4 c3
41. Qb7 Qd1+ 42. Kh2 Qd6+ 43. Kg1 Rc7 44. Qb8+ Kf7 45. Nxc7 c2 46. Qb3+ Ke7 47.
Qxc2 Kd7 48. Ne6 Qe7 49. Qc7+ Ke8 50. Qxe7+ Kxe7 51. Kf1 Kf6 52. Ke2 g6 53. fxg6
Kxe6 54. h4 Kf6 55. h5 a5 56. Ke3 a4 57. Kxe4 a3 58. f4 Kg7 59. Ke5 Kg8 60. Ke6
Kg7 61. f5 Kg8 62. f6 Kf8 63. g7+ Kg8 64. Ke7 Kh7 65. f7 Kxg7 66. f8=Q+ Kh7 67.
Qf5+ Kh8 68. Ke6 Kg7 69. Qg6+ Kh8 70. Qxh6+ Kg8 71. Qf4 Kh8 72. Qc7 Kg8 73. Kf6
Kh8 74. Qg7# {Black checkmated} 1-0

[Event "Team 45 45 League T63"]
[Site "Internet Chess Club"]
[Date "2014.12.14"]
[Round "3"]
[White "Andressa"]
[Black "burnsy"]
[Result "0-1"]
[WhiteElo "1446"]
[BlackElo "1596"]
[Opening "Sicilian: Smith-Morra gambit"]
[ECO "B21"]
[Time "09:13:29"]
[TimeControl "2700+45"]

1. e4 c5 2. d4 cxd4 3. Qxd4 Nc6 4. Qd1 e5 5. Nf3 Nf6 6. Bd3 Bc5 7. O-O d6 8. Nc3
Bg4 9. h3 Bh5 10. Be3 Bxe3 11. fxe3 Qb6 12. Qd2 a6 13. Rab1 Nb4 14. a3 Nxd3 15.
cxd3 O-O 16. d4 Bg6 17. Qd3 Rad8 18. d5 Qb3 19. Nd2 Qb6 20. Kh1 Rc8 21. Qe2 Nh5
22. Qf2 Qd8 23. Nf3 Nf6 24. Nd2 Nh5 25. Nf3 f5 26. exf5 Bxf5 27. e4 Bd7 28. Kh2
Qf6 29. Nd1 Qf4+ 30. Kg1 Qxe4 31. Nc3 Qg6 32. Qe3 Nf4 33. Qd2 Bxh3 {White
resigns} 0-1

[Event "Team 45 45 League T63"]
[Site "Internet Chess Club"]
[Date "2014.12.14"]
[Round "3"]
[White "justice02"]
[Black "zugknightly"]
[Result "0-1"]
[WhiteElo "1748"]
[BlackElo "1751"]
[Opening "King's Indian: 4.e4"]
[ECO "E70"]
[Time "20:00:55"]
[TimeControl "2700+45"]

1. d4 Nf6 2. c4 g6 3. Nc3 Bg7 4. e4 d6 5. Bd3 O-O 6. f3 Nc6 7. Nge2 e5 8. d5 Ne7
9. O-O Ne8 10. Be3 f5 11. Qb3 f4 12. Bf2 g5 13. c5 h5 14. Rac1 b6 15. cxd6 cxd6
16. Nb5 Ba6 17. Rfd1 Bxb5 18. Bxb5 Rc8 19. Qa4 Rxc1 20. Rxc1 Qb8 21. Qc4 Nf6 22.
Qc7 Ng6 23. Be1 Qxc7 24. Rxc7 Rf7 25. Rc6 Bf8 26. Bb4 Ne8 27. Rc8 Nc7 28. Bc6
Kg7 29. Rd8 Rf6 30. Rd7+ Rf7 31. Bxd6 Rxd7 32. Bxf8+ Nxf8 33. Bxd7 Nxd7 34. Nc1
Nb5 35. Nd3 Kf6 36. a4 Nd4 37. Kf2 Nc5 38. Nb4 Nxa4 39. b3 Nc5 40. g3 Ndxb3 41.
Nc6 a5 {White resigns} 0-1

[Event "Team 45 45 League T63"]
[Site "Internet Chess Club"]
[Date "2014.12.14"]
[Round "3"]
[White "otherook"]
[Black "Grenadier"]
[Result "1-0"]
[WhiteElo "1771"]
[BlackElo "1603"]
[Opening "English, 1...Nf6 (Anglo-Indian defense)"]
[ECO "A15"]
[Time "15:00:36"]
[TimeControl "2700+45"]

1. c4 Nf6 2. g3 e5 3. Bg2 Bc5 4. e3 O-O 5. Ne2 c6 6. O-O d5 7. d4 exd4 8. exd4
Bb6 9. c5 Bc7 10. Nbc3 Bg4 11. Qc2 Qd7 12. Bf4 Bh3 13. Bxc7 Bxg2 14. Kxg2 Qxc7
15. b4 a6 16. a4 Nbd7 17. Ra2 Rfe8 18. Rfa1 Ne4 19. b5 Ndf6 20. f3 Ng5 21. bxc6
bxc6 22. h4 Ne6 23. Rb1 Nh5 24. Rab2 Nxd4 25. Nxd4 Qxg3+ 26. Kf1 Qxh4 27. Qf2
Qf4 28. Nce2 Qc7 29. Rb7 Qa5 30. Nxc6 Qxa4 31. Ne7+ Kf8 32. c6 d4 33. c7 Rxe7
34. Rb8+ Re8 35. Rxa8 d3 36. Qc5+ Kg8 37. Rxe8+ Qxe8 38. c8=Q dxe2+ 39. Ke1
{Black resigns} 1-0